 Dungeon Crawl Stone Soup version 0.28-a0-297-g99b01970c5 (webtiles) character file.

Game seed: 14437002000315172002

933 Gargoyl the Skirmisher (level 8, -1/67 HPs)
             Began as a Gnoll Abyssal Knight on Aug 29, 2021.
             Was a Believer of Lugonu.
             Killed from afar by Dowan (13 damage)
             ... with a shard of ice
             ... on level 5 of the Dungeon.
             The game lasted 00:04:02 (4282 turns).

Gargoyl the Skirmisher (Gnoll Abyssal Knight)       Turns: 4282, Time: 00:04:03

Health: -1/67      AC: 11    Str: 13    XL:     8   Next: 11%
Magic:  12/12      EV:  7    Int: 12    God:    Lugonu [**....]
Gold:   170        SH:  0    Dex: 12    Spells: 13/13 levels left

rFire   . . .      SeeInvis .   c - +9 long sword (holy)
rCold   . . .      Faith    .   (no shield)
rNeg    . . .      Spirit   .   o - +1 chain mail
rPois   .          Reflect  .   (no helmet)
rElec   .          Harm     .   (no cloak)
rCorr   .          Rampage  .   (no gloves)
Will    .....                   (no boots)
Stlth   ..........              (no amulet)
HPRegen 0.21/turn               (no ring)
MPRegen 0.13/turn               (no ring)

@: no status effects
A: fangs 1, strong nose, distributed training
a: Renounce Religion, Depart the Abyss, Bend Space


You were on level 5 of the Dungeon.
You worshipped Lugonu.
Lugonu was pleased with you.
You visited 1 branch of the dungeon, and saw 5 of its levels.
You visited the Abyss 1 time.

You collected 170 gold pieces.

Inventory:

Hand Weapons
 a - a +2 hand axe
 c - a +9 long sword of holy wrath (weapon)
 q - a +1 hand axe of distortion
Missiles
 g - 14 poisoned darts (quivered)
Armour
 o - a +1 chain mail (worn)
Jewellery
 l - a ring of wizardry
Wands
 d - a wand of digging (4)
Scrolls
 b - a scroll of identify
 e - a scroll of immolation {unknown}
 h - a scroll of amnesia {unknown}
 i - 2 scrolls of magic mapping
 m - a scroll of torment {unknown}
 n - a scroll of teleportation
 r - 2 scrolls of blinking {unknown}
Potions
 f - a potion of heal wounds
 j - a potion of haste {unknown}
 k - a potion of berserk rage {unknown}
 p - a potion of flight {unknown}


   Skills:
 + Level 7.2 Fighting
 + Level 3.0 Short Blades
 + Level 3.0 Long Blades
 + Level 5.5 Axes
 + Level 3.0 Maces & Flails
 + Level 3.0 Polearms
 + Level 3.0 Staves
 + Level 3.0 Slings
 + Level 3.0 Bows
 + Level 3.0 Crossbows
 + Level 3.0 Throwing
 + Level 5.5 Armour
 + Level 4.0 Dodging
 + Level 3.0 Stealth
 + Level 3.0 Shields
 + Level 3.0 Unarmed Combat
 + Level 3.0 Spellcasting
 + Level 2.4 Conjurations
 + Level 2.4 Hexes
 + Level 2.4 Summonings
 + Level 2.4 Necromancy
 + Level 2.4 Translocations
 + Level 2.4 Transmutations
 + Level 2.4 Fire Magic
 + Level 2.4 Ice Magic
 + Level 2.4 Air Magic
 + Level 2.4 Earth Magic
 + Level 2.4 Poison Magic
 + Level 5.7 Invocations
 + Level 3.0 Evocations


You had 13 spell levels left.
You didn't know any spells.
Your spell library contained the following spells:

 Spells                   Type           Power      Damage    Failure   Level
 Beastly Appendage        Tmut           14%        N/A       92%         1
 Wereblood                Tmut           7%         N/A       98%         2
 Spider Form              Tmut/Pois      3%         N/A       100%        3
 Silence                  Hex/Air        3%         N/A       100%        5
 Yara's Violent Unravell  Hex/Tmut       3%         3d4       100%        5
 Dispersal                Tloc           3%         N/A       100%        6
 Disjunction              Tloc           3%         N/A       100%        8
 Necromutation            Tmut/Necr      3%         N/A       100%        8


Dungeon Overview and Level Annotations

Branches:
Dungeon (5/15)
 Temple: D:4-7

Altars:
Hepliaklqana

Shops:
D:4 [

Annotations:
D:5 Dowan


Innate Abilities, Weirdness & Mutations

You have very sharp teeth.
Your uncanny sense of smell can sniff out nearby items.
Your experience applies equally to all skills.


Message History

You feel much better. Duvessa hits you with a +0 short sword!
You slash Duvessa!
Duvessa is almost dead.
Duvessa hits you with a +0 short sword.
You hit Duvessa.
You kill Duvessa!
Lugonu accepts your kill.
Dowan screams, "No!
No!"
Dowan seems to find hidden reserves of power!
Dowan hits you but does no damage.
Your Short Blades skill increases to level 3!
Your Long Blades skill increases to level 3!
Your Maces & Flails skill increases to level 3!
Your Polearms skill increases to level 3!
Your Staves skill increases to level 3!
Your Slings skill increases to level 3!
Your Bows skill increases to level 3!
Your Crossbows skill increases to level 3!
Your Throwing skill increases to level 3!
Your Dodging skill increases to level 4!
Your Stealth skill increases to level 3!
Your Shields skill increases to level 3!
Your Unarmed Combat skill increases to level 3!
Your Spellcasting skill increases to level 3!
Your Evocations skill increases to level 3!
You have reached level 8!
You feel agile.
You slash Dowan!
Dowan is heavily wounded.
Dowan hits you but does no damage. x2
You slash Dowan!
Dowan is severely wounded.
Dowan hits you but does no damage. Dowan closely misses you.
You barely miss Dowan.
Dowan is severely wounded.
Dowan gestures at you while chanting. The shard of ice hits you!!
* * * LOW HITPOINT WARNING * * *
Dowan casts a spell at you. The shard of ice hits you!
You die...

## ∆ .. ∆ . # ..#
############....#
###
#$.......@e.....#
.<.
..####..###.....# ##
##....# ....# .##
#..#..# ...# ..##
###.##.## ### #..##
#...#..# ....##
#.###.## ###..###.#
#.# #
####..##.###.#####.#


You could see Dowan (fast).

Vanquished Creatures
  Grinder (D:5)
  Eustachio (D:5)
  Duvessa (D:5)
  2 black bears (D:4)
  Blork the orc (D:4)
  Ijyb (D:3)
  Terence (D:3)
  2 iguanas
  An orc wizard (D:3)
  A hound skeleton (D:5)
  Robin (D:3)
  3 adders
  An adder skeleton (D:4)
  7 orcs
  5 ball pythons
  7 endoplasms
  3 giant cockroaches
  8 goblins
  6 hobgoblins
  2 quokkas
  6 bats
  3 frilled lizards
  3 kobolds
  6 rats
73 creatures vanquished.

Vanquished Creatures (others)
  A goblin (D:3)
1 creature vanquished.

Grand Total: 74 creatures vanquished

Notes
Turn   | Place    | Note
-------+----------+-------------------------------------------
     0 | Abyss:1  | Gargoyl the Gnoll Abyssal Knight began the quest for the
                  | Orb.
     0 | Abyss:1  | Reached XP level 1. HP: 23/23 MP: 3/3
    13 | Abyss:1  | Identified a scroll of acquirement
    13 | Abyss:1  | Acquired a +8 long sword of holy wrath
    38 | Abyss:1  | Noticed a cacodemon
    39 | Abyss:1  | Noticed an orange demon
    39 | D:1      | Escaped the Abyss
   308 | D:1      | Reached XP level 2. HP: 23/29 MP: 5/5
   638 | D:1      | Reached * piety under Lugonu
   760 | D:2      | Reached XP level 3. HP: 33/35 MP: 6/6
  1055 | D:2      | Found a hazy altar of Hepliaklqana.
  1525 | D:3      | Reached skill level 1 in Short Blades
  1525 | D:3      | Reached skill level 1 in Long Blades
  1525 | D:3      | Reached skill level 1 in Maces & Flails
  1525 | D:3      | Reached skill level 1 in Polearms
  1525 | D:3      | Reached skill level 1 in Staves
  1525 | D:3      | Reached skill level 1 in Slings
  1525 | D:3      | Reached skill level 1 in Bows
  1525 | D:3      | Reached skill level 1 in Crossbows
  1525 | D:3      | Reached skill level 1 in Throwing
  1525 | D:3      | Reached skill level 1 in Stealth
  1525 | D:3      | Reached skill level 1 in Shields
  1525 | D:3      | Reached skill level 1 in Unarmed Combat
  1525 | D:3      | Reached skill level 1 in Spellcasting
  1525 | D:3      | Reached skill level 1 in Evocations
  1525 | D:3      | Reached XP level 4. HP: 28/41 MP: 7/7
  1773 | D:3      | Noticed Robin
  1795 | D:3      | Killed Robin
  1796 | D:3      | Reached skill level 1 in Conjurations
  1796 | D:3      | Reached skill level 1 in Hexes
  1796 | D:3      | Reached skill level 1 in Summonings
  1796 | D:3      | Reached skill level 1 in Necromancy
  1796 | D:3      | Reached skill level 1 in Translocations
  1796 | D:3      | Reached skill level 1 in Transmutations
  1796 | D:3      | Reached skill level 1 in Fire Magic
  1796 | D:3      | Reached skill level 1 in Ice Magic
  1796 | D:3      | Reached skill level 1 in Air Magic
  1796 | D:3      | Reached skill level 1 in Earth Magic
  1796 | D:3      | Reached skill level 1 in Poison Magic
  1796 | D:3      | Reached ** piety under Lugonu
  2103 | D:3      | Noticed Ijyb
  2121 | D:3      | Killed Ijyb
  2122 | D:3      | Reached XP level 5. HP: 33/47 MP: 8/8
  2623 | D:3      | Found a faded altar of an unknown god.
  2737 | D:3      | Noticed Terence
  2741 | D:3      | Killed Terence
  2943 | D:4      | Noticed a black bear
  2957 | D:4      | Killed a black bear
  2958 | D:4      | Reached skill level 5 in Invocations
  2958 | D:4      | Reached XP level 6. HP: 36/53 MP: 9/9
  2963 | D:4      | Reached skill level 5 in Axes
  2963 | D:4      | Reached skill level 5 in Armour
  3223 | D:4      | Got the Guide on the Birds and Changing
  3605 | D:4      | Found Otuhug's Antique Armour Emporium.
  3632 | D:4      | Noticed a black bear
  3639 | D:4      | Killed a black bear
  3699 | D:4      | Noticed Blork the orc
  3706 | D:4      | Killed Blork the orc
  3707 | D:4      | Reached XP level 7. HP: 47/59 MP: 10/10
  3942 | D:5      | Entered Level 5 of the Dungeon
  3946 | D:5      | Noticed Eustachio
  3959 | D:5      | Killed Eustachio
  3960 | D:5      | Reached skill level 7 in Fighting
  4179 | D:5      | Noticed Grinder
  4186 | D:5      | Killed Grinder
  4266 | D:5      | Noticed Duvessa
  4267 | D:5      | Noticed Dowan
  4279 | D:5      | Killed Duvessa
  4280 | D:5      | Reached XP level 8. HP: 37/67 MP: 12/12
  4282 | D:5      | Killed from afar by Dowan

Illustrated notes

Levels and vault maps discovered:
D:1:      scummos_arrival_simple_crosswalls, layout_basic,
          kennysheep_nondescript
D:2:      layout_loops_ring, basic_altar
D:3:      layout_basic, hellmonk_ecumenical_altar_heavens_door, serial_curves,
          eino_curves_04, eino_curves_01, uniq_terence, uniq_robin, uniq_ijyb
D:4:      layout_loops_ring, serial_shops, shop_fountains, minivault_26,
          st_stairs_4, uniq_blork_the_orc
D:5:      layout_rooms, uniq_sigmund, uniq_crazy_yiuf_cottage, uniq_duvessa,
          uniq_grinder, uniq_eustachio, uniq_edmund

Skill      XL: |  1  2  3  4  5  6  7 |
---------------+----------------------+-----
Short Blades   | 1 2 3 |  3.0
Long Blades    | 1 2 3 |  3.0
Maces & Flails | 1 2 3 |  3.0
Polearms       | 1 2 3 |  3.0
Staves         | 1 2 3 |  3.0
Slings         | 1 2 3 |  3.0
Bows           | 1 2 3 |  3.0
Crossbows      | 1 2 3 |  3.0
Throwing       | 1 2 3 |  3.0
Stealth        | 1 2 3 |  3.0
Shields        | 1 2 3 |  3.0
Unarmed Combat | 1 2 3 |  3.0
Spellcasting   | 1 2 3 |  3.0
Evocations     | 1 2 3 |  3.0
Conjurations   | 1 2 |  2.4
Hexes          | 1 2 |  2.4
Summonings     | 1 2 |  2.4
Necromancy     | 1 2 |  2.4
Translocations | 1 2 |  2.4
Transmutations | 1 2 |  2.4
Fire Magic     | 1 2 |  2.4
Ice Magic      | 1 2 |  2.4
Air Magic      | 1 2 |  2.4
Earth Magic    | 1 2 |  2.4
Poison Magic   | 1 2 |  2.4
Dodging        | 3 4 |  4.0
Invocations    | 5 |  5.7
Axes           | 5 |  5.5
Armour         | 5 |  5.5
Fighting       | 7 |  7.2

Action                   |  1- 3 |  4- 6 |  7- 9 || total
-------------------------+-------+-------+-------++-------
Melee: Long sword        |    54 |    92 |    32 ||   178
       Bite              |     4 |     8 |     2 ||    14
       Unarmed           |       |    15 |       ||    15
Invok: Depart the Abyss  |     1 |       |       ||     1
  Use: Scroll            |     1 |     8 |       ||     9
       Potion            |       |       |     1 ||     1
Armor: Leather armour    |     2 |       |       ||     2
       Ring mail         |    13 |     1 |       ||    14
       Chain mail        |       |    88 |    21 ||   109
Dodge: Dodged            |    35 |    50 |    24 ||   109

Table legend: (Time is in decaauts)
 A = Elapsed time spent in this place.
 B = Non-inter-level travel time spent in this place.
 C = Inter-level travel time spent in this place.
 D = Time resting spent in this place.
 E = Time spent auto-exploring this place.
 F = Levels seen in this place.
 G = Mean time per level.
                   A        B        C        D        E       F      G
               +--------+--------+--------+--------+--------+-----+--------+
         Total |   4338 |   4238 |    100 |    167 |   3389 |   6 |  723.0 |
       Dungeon |   4300 |   4200 |    100 |    167 |   3357 |   5 |  860.0 |
         Abyss |     38 |     38 |      0 |      0 |     32 |   1 |   38.0 |
               +--------+--------+--------+--------+--------+-----+--------+

Top non-repeatable levels by time:
     D:3: 1320 daAuts
     D:4: 1146 daAuts
     D:2: 787 daAuts
     D:1: 697 daAuts
     D:5: 348 daAuts
 Abyss:1: 38 daAuts
